Map: Royal Blood LE

Players

winzboy

  • Race: Protoss Protoss
  • League: Gold
  • Spawn Location: 7:00

채고다용기병 - Winner!

  • Race: Terran Terran
  • League: Platinum
  • Spawn Location: 1:00

VOD

Have the link to the VOD?

Description

Time

  • Played on: May 26, 2023, 11:21 p.m.
  • Length: 15:15
Show
View Real Time Build Order
Export as new Build Order

winzboy Protoss 

Build Orders:  

Get SALT Encoding   

  12  0:01  Probe  
  13  0:18  Pylon  
  13  0:20  Probe  
  14  0:33  Probe  
  15  0:39  Gateway  
  15  0:45  Assimilator  
  15  0:46  Probe (Chrono Boost)  
  16  0:55  Probe (Chrono Boost)  
  17  1:01  Probe  
  18  1:13  Probe  
  19  1:25  Probe  
  20  1:28  Cybernetics Core  
  21  1:40  Probe  
  21  1:51  Nexus  
  21  1:52  Probe  
  22  1:54  Pylon  
  22  1:56  Warp Gate  
  22  2:04  Probe  
  22  2:07  Assimilator  
  22  2:10  Adept (Chrono Boost)  
  24  2:19  Probe  
  25  2:29  Pylon  
  25  2:32  Probe  
  26  2:44  Probe  
  25  2:50  Adept  
  25  2:56  Probe  
  26  3:08  Probe  
  26  3:09  Robotics Facility  
  26  3:12  Gateway  
  27  3:16  Gateway  
  26  3:20  Probe  
  26  3:27  Probe  
  26  3:32  Probe  
  27  3:39  Probe  
  28  3:44  Probe  
  29  3:51  Probe  
  30  3:57  Observer  
  31  4:03  Stalker  
  31  4:06  Probe  
  31  4:07  Probe  
  35  4:12  Stalker x2  
  39  4:19  Probe x2 (Chrono Boost)  
  39  4:21  Pylon  
  41  4:42  Probe x2  
  43  4:48  Stalker  
  43  4:49  Stalker  
  43  4:51  Sentry  
  49  4:54  Probe  
  50  5:10  Probe x2 (Chrono Boost), Robotics Bay  
  52  5:14  Assimilator  
  52  5:16  Assimilator  
  52  5:19  Pylon  
  52  5:21  Pylon  
  52  5:22  Probe (Chrono Boost)  
  52  5:23  Probe (Chrono Boost)  
  52  5:24  Shield Battery  
  54  5:29  Observer (Chrono Boost)  
  54  5:31  Probe (Chrono Boost)  
  54  5:34  Stalker x2  
  54  5:35  Stalker  
  62  5:50  Probe x2  
  62  5:56  Pylon  
  64  5:57  Robotics Bay  
  64  6:02  Probe x2  
  66  6:10  Colossus  
  72  6:14  Probe  
  72  6:15  Probe  
  72  6:16  Zealot  
  72  6:17  Zealot  
  78  6:18  Stalker  
  80  6:33  Probe x2, Pylon  
  80  6:35  Pylon  
  82  6:45  Probe  
  82  6:46  Stalker  
  85  6:56  Stalker  
  85  6:57  Stalker  
  85  7:00  Extended Thermal Lance (Chrono Boost)  
  89  7:03  Colossus (Chrono Boost)  
  95  7:16  Stalker  
  95  7:19  Pylon  
  97  7:30  Pylon  
  97  7:33  Pylon  
  97  7:38  Gateway  
  97  7:40  Gateway  
  97  7:41  Sentry  
  97  7:43  Gateway x2  
  99  7:48  Stalker x2  
  103  7:54  Colossus (Chrono Boost)  
  109  8:09  Pylon  
  109  8:10  Gateway  
  109  8:11  Gateway  
  109  8:12  Gateway  
  109  8:29  Nexus  
  109  8:41  Stalker  
  109  8:42  Stalker x3  
  117  8:58  Stalker  
  119  9:03  Forge  
  119  9:04  Pylon x2  
  119  9:07  Pylon, Stalker  
  121  9:47  Immortal  
  121  9:50  Stalker x3  
  121  9:51  Stalker x2  
  121  9:52  Stalker x2  
  139  10:10  Probe  
  140  10:17  Twilight Council  
  140  10:22  Probe  
  141  10:34  Probe  
  90  10:47  Probe  
  57  10:55  Stalker x2  
  57  10:56  Charge (Chrono Boost), Stalker x2  
  57  10:57  Stalker x3  
  65  10:59  Probe  
  70  11:06  Colossus (Chrono Boost)  
  76  11:19  Probe  
  76  11:25  Stalker x2  
  79  11:26  Stalker  
  79  11:29  Protoss Ground Weapons Level 1 (Chrono Boost)  
  79  11:31  Probe  
  84  11:43  Probe  
  84  11:46  Stalker x2  
  84  11:47  Stalker x2  
  91  11:53  Colossus  
  99  11:55  Probe  
  99  11:58  Zealot x2  
  99  11:59  Zealot  
  106  12:12  Zealot x3  
  112  12:27  Assimilator  
  112  12:32  Pylon  
  112  12:34  Assimilator  
  112  12:35  Pylon  
  112  12:36  Zealot  
  110  12:37  Zealot x3  
  110  12:38  Zealot  
  49  12:58  Zealot  
  49  12:59  Zealot x2  
  49  13:00  Zealot x2  
  49  13:01  Zealot x2  
  48  13:22  Zealot x2, Stalker  
  48  13:23  Zealot x3  
  36  14:08  Nexus  
  36  14:09  Pylon  
  36  14:10  Zealot x2  
  36  14:11  Zealot x2  
  36  14:12  Zealot x2  
  46  14:22  Immortal  
  50  14:48  Stargate  
  50  14:51  Pylon  
Show
View Real Time Build Order
Export as new Build Order

채고다용기병 Terran - Winner!

Build Orders: 2 Factory, Mech 

Get SALT Encoding   

  12  0:00  SCV  
  13  0:12  SCV  
  14  0:17  Supply Depot  
  14  0:24  SCV  
  15  0:38  SCV  
  15  0:40  Barracks  
  16  0:44  Refinery  
  16  0:50  SCV  
  17  1:03  SCV  
  18  1:15  SCV  
  19  1:27  SCV, Reaper  
  21  1:37  Command Center  
  22  1:44  Orbital Command  
  21  1:54  Supply Depot  
  21  2:10  SCV  
  22  2:16  Marine  
  22  2:20  Factory  
  22  2:22  SCV  
  24  2:34  SCV  
  25  2:40  Marine  
  26  2:46  SCV  
  27  2:58  Marine, SCV  
  28  3:01  Orbital Command  
  29  3:10  SCV  
  30  3:12  Factory Tech Lab  
  30  3:15  Marine, Factory  
  31  3:23  SCV  
  32  3:33  Marine  
  32  3:35  SCV  
  32  3:36  Siege Tank  
  32  3:38  Supply Depot  
  32  3:39  SCV  
  37  3:43  Refinery  
  37  3:45  Refinery  
  37  3:46  Refinery  
  37  3:47  SCV  
  38  3:51  SCV  
  38  3:55  Marine  
  40  3:59  SCV  
  41  4:03  SCV  
  41  4:08  Hellion x2  
  46  4:11  SCV, Starport  
  46  4:15  SCV  
  48  4:17  Barracks Reactor  
  48  4:22  Supply Depot  
  48  4:23  SCV  
  49  4:27  SCV  
  49  4:29  Hellion  
  49  4:30  Hellion  
  54  4:32  Infernal Pre-Igniter  
  54  4:43  SCV x2  
  54  4:45  Supply Depot  
  56  4:55  SCV x2  
  56  4:57  Command Center  
  58  5:06  Siege Tank  
  57  5:19  SCV x2  
  59  5:21  Medivac  
  61  5:31  SCV x2  
  61  5:34  Armory  
  63  5:37  Supply Depot  
  66  5:43  SCV  
  66  5:44  SCV, Supply Depot  
  70  5:50  Hellion  
  70  5:54  Barracks Reactor  
  70  5:58  SCV x2, Medivac  
  70  5:59  Hellion  
  70  6:01  Factory  
  73  6:10  SCV  
  74  6:19  Orbital Command  
  74  6:22  SCV  
  74  6:23  SCV  
  76  6:29  Terran Vehicle Weapons Level 1  
  76  6:32  Supply Depot  
  78  6:33  Supply Depot  
  76  6:50  Hellion x2, Barracks Reactor  
  80  6:54  Factory Tech Lab  
  80  6:57  Siege Tank, Factory  
  83  7:03  SCV x3  
  86  7:08  Medivac x2  
  86  7:11  Hellion  
  86  7:15  SCV x3  
  95  7:20  Armory  
  95  7:25  Engineering Bay, Supply Depot  
  95  7:32  SCV, Refinery x2  
  95  7:33  SCV  
  95  7:34  SCV  
  98  7:43  Siege Tank x2  
  106  7:44  Hellion x2, SCV  
  106  7:50  Viking x2  
  113  7:51  Starport  
  113  7:56  Factory Tech Lab  
  113  8:03  Command Center  
  113  8:05  SCV x3, Hellion  
  118  8:07  Command Center  
  118  8:13  Terran Vehicle And Ship Armor Level 1  
  118  8:17  SCV x3  
  121  8:20  Viking x2  
  121  8:26  Terran Vehicle Weapons Level 2  
  125  8:33  Smart Servos  
  125  8:55  Missile Turret  
  125  8:59  Missile Turret  
  125  9:00  Missile Turret  
  125  9:02  Missile Turret  
  125  9:04  Missile Turret  
  125  9:07  Missile Turret  
  125  9:14  Supply Depot  
  125  9:15  Hellion x2, Viking x2, Siege Tank x2  
  139  9:17  Missile Turret  
  139  9:18  Hellion, Viking x2  
  139  9:20  Supply Depot  
  145  9:26  Orbital Command  
  145  9:27  Missile Turret  
  145  9:33  Missile Turret  
  145  9:37  Hellion x2  
  149  9:39  Hellion  
  149  9:44  Supply Depot  
  149  9:45  Viking x2, Sensor Tower  
  155  9:47  Siege Tank x2  
  155  9:48  Viking  
  163  9:57  Missile Turret  
  163  9:58  Hellion x2  
  167  10:00  Orbital Command, Missile Turret  
  167  10:01  Hellion  
  167  10:02  SCV x4  
  173  10:10  Viking  
  173  10:14  SCV x2, Missile Turret  
  175  10:19  Hellion x3  
  175  10:21  Missile Turret  
  183  10:22  Missile Turret x2  
  183  10:34  Missile Turret  
  150  10:50  Viking x4  
  150  10:55  Siege Tank x3  
  150  10:56  Hellion x2  
  171  10:57  Missile Turret  
  171  11:07  Refinery  
  171  11:08  Refinery  
  171  11:11  SCV x2  
  171  11:12  SCV x3  
  171  11:17  Hellion, Missile Turret  
  171  11:18  Hellion, Command Center  
  180  11:20  Viking, Medivac x2  
  180  11:23  SCV  
  187  11:27  Hellion x3, Command Center  
  187  11:28  Terran Vehicle Weapons Level 3  
  187  11:29  Command Center  
  193  11:33  Terran Vehicle And Ship Armor Level 2  
  193  11:39  Hellion x2  
  197  12:16  Siege Tank  
  184  13:27  Siege Tank x3  
  184  13:33  Orbital Command x3  
  189  13:45  Orbital Command  
  176  14:51  Hellion x2  
  176  14:52  Hellion x3  
Tags
 
Composition
Mech
Matchup
PvT
Opening
2 Factory
Replay Pack
Multiplayer
Spawn Locations
Cross Positions
Add a new tag
Caveats
  • Supply blocks, unpowered buildings, or Contaminate may cause inaccurate times.
  • Supply counts are checked every 10 seconds.